 Dungeon Crawl Stone Soup version 0.23.2-40-g277498a001 (webtiles) character file.

Game seed: 12141204708739952524

409939 Clehvi the Peltast (level 24, -17/166 HPs)
             Began as a Halfling Warper on Oct 14, 2019.
             Was the Champion of Zin.
             Demolished by a vault warden
             ... wielding a +0 battleaxe
              (19 damage)
             ... while paralysed
             ... on level 5 of the Vaults on Oct 16, 2019.
             The game lasted 13:16:47 (87161 turns).

Clehvi the Peltast (Halfling Warper)               Turns: 87161, Time: 13:16:47

Health: -17/166    AC: 30    Str: 20    XL:     24   Next: 61%
Magic:  33/33      EV:  3    Int: 18    God:    Zin [******]
Gold:   2898       SH:  0    Dex: 17    Spells: 14/33 levels left

rFire    + + .     SeeInvis +   b - +7 eveningstar (elec)
rCold    + . .     Gourm    .   l - +0 shield {reflect}
rNeg     + . .     Faith    .   W - +6 pearl dragon scales
rPois    +         Spirit   .   S - +0 helmet
rElec    +         Reflect  +   e - +0 cloak {rF+}
rCorr    .         Harm     .   q - +1 pair of gloves of the Forgotten Coins {rPois rF+ Str+3 Int+4 SInv}
MR       ++...                  Z - +2 pair of boots
Stlth    +++.......             O - amulet of the Hidden Ships {Acrobat *Slow rElec Stlth+}
HPRegen  0.37/turn              g - ring of protection from cold
MPRegen  0.23/turn              C - ring of protection from magic

@: paralysed, berserk cooldown, slowed
A: small, blurry vision 1, mutation resistance 1
}: 2/15 runes: serpentine, barnacled
a: Recite, Vitalisation, Imprison, Sanctuary, Donate Gold, Renounce Religion


You were on level 5 of the Vaults.
You worshipped Zin.
Zin was exalted by your worship.
You were not hungry.

You visited 9 branches of the dungeon, and saw 45 of its levels.
You visited the Abyss 2 times.
You also visited: Gauntlet and Volcano.

You collected 4845 gold pieces.
You spent 1486 gold pieces at shops.
You donated 461 gold pieces to Zin.

Inventory:

Hand Weapons
 a - the +12 hunting sling "Ihiufo" {venom, rF- rN++ Str+2 Int+2}
   (You found it on level 2 of the Vaults)

   It poisons the ammo it fires.
   It affects your strength (+2).
   It affects your intelligence (+2).
   It makes you vulnerable to fire.
   It greatly protects you from negative energy.
 b - a +7 eveningstar of electrocution (weapon)
 o - the +0 scimitar of Wealth {freeze, rC++ Str+3}
   (You found it on level 4 of the Snake Pit)

   It has been specially enchanted to freeze those struck by it, causing extra
   injury to most foes and up to half again as much damage against particularly
   susceptible opponents.
   It can also slow down cold-blooded creatures.
   It affects your strength (+3).
   It greatly protects you from cold.
 V - the +5 quick blade "Miut" {freeze, rPois MR+ Dex-4 SInv}
   (You acquired it on level 3 of the Elven Halls)

   It has been specially enchanted to freeze those struck by it, causing extra
   injury to most foes and up to half again as much damage against particularly
   susceptible opponents.
   It can also slow down cold-blooded creatures.
   It affects your dexterity (-4).
   It protects you from poison.
   It affects your resistance to hostile enchantments.
   It lets you see invisible.
Missiles
 n - 99 sling bullets
 E - 96 stones (quivered)
Armour
 e - a +0 cloak of fire resistance (worn)
 l - a +0 shield of reflection (worn)
 q - the +1 pair of gloves of the Forgotten Coins (worn) {rPois rF+ Str+3 Int+4 SInv}
   (You found it on level 14 of the Dungeon)

   It affects your strength (+3).
   It affects your intelligence (+4).
   It protects you from fire.
   It protects you from poison.
   It lets you see invisible.
 S - a +0 helmet (worn)
 W - +6 pearl dragon scales (worn)
 Z - a +2 pair of boots (worn)
Jewellery
 c - an uncursed ring of stealth
 g - a ring of protection from cold (left hand)
 B - an uncursed ring of fire
 C - a ring of protection from magic (right hand)
 D - the ring "Bitul" {Wiz rC- MP+9 Int+6 SInv}
   (You found it in a Gauntlet)

   [ring of wizardry]

   It improves your spell success rate.
   It affects your intelligence (+6).
   It makes you vulnerable to cold.
   It affects your magic capacity (+9).
   It lets you see invisible.
 O - the amulet of the Hidden Ships (around neck) {Acrobat *Slow rElec Stlth+}
   (You found it in a Gauntlet)

   [amulet of the acrobat]

   It helps you evade while moving and waiting.
   It insulates you from electricity.
   It may slow you when you take damage.
   It makes you more stealthy.
Wands
 w - a wand of acid (13)
 L - a wand of iceblast (21)
 M - a wand of disintegration (5)
Scrolls
 h - a scroll of summoning
 p - 19 scrolls of remove curse
 r - 5 scrolls of teleportation
 s - 3 scrolls of immolation
 t - 4 scrolls of fog
 u - a scroll of magic mapping
 y - 10 scrolls of amnesia
 F - 4 scrolls of blinking
 H - 2 scrolls of brand weapon
 T - 12 scrolls of identify
 U - 3 scrolls of holy word
Potions
 d - 5 potions of brilliance
 i - 2 potions of heal wounds
 j - 4 potions of agility
 m - 2 potions of resistance
 v - 2 potions of ambrosia
 x - 2 potions of invisibility
 z - a potion of berserk rage
 A - 4 potions of magic
 J - a potion of haste
 N - 2 potions of mutation
 P - 2 potions of cancellation
 Q - 8 potions of curing
 X - a potion of might
 Y - 9 potions of flight
Miscellaneous
 G - a phial of floods
Comestibles
 f - 3 rations


   Skills:
 - Level 14.0 Fighting
 - Level 7.4 Short Blades
 + Level 15.1 Maces & Flails
 - Level 12.0(12.1) Slings
 - Level 1.2(5.5) Throwing
 + Level 12.2 Armour
 + Level 14.0 Dodging
 - Level 8.4 Stealth
 * Level 20.5 Shields
 - Level 5.0 Spellcasting
   Level 5.0 Hexes
 - Level 4.0 Charms
 - Level 6.0 Summonings
 - Level 10.0 Translocations
 - Level 10.0 Air Magic
 - Level 13.6 Invocations


You had 14 spell levels left.
You knew the following spells:

 Your Spells              Type           Power        Failure   Level  Hunger
a - Blink                 Tloc           N/A          1%          2    #......
b - Shroud of Golubria    Chrm/Tloc      ####......   3%          2    #......
c - Passage of Golubria   Tloc           N/A          6%          4    ####...
d - Summon Lightning Spi  Summ/Air       ####....     14%         4    ####...
e - Swiftness             Chrm/Air       ####....     3%          2    #......
f - Airstrike             Air            #####.....   6%          4    ####...
g - Summon Butterflies    Summ           ####....     3%          1    None

Your spell library contained the following spells:

 Spells                   Type           Power        Failure   Level  Hunger
 Apportation              Tloc           #####.       1%          1    None
 Gell's Gravitas          Tloc           #####.....   1%          3    ##.....
 Lesser Beckoning         Tloc           #####.....   1%          3    ##.....
 Teleport Other           Tloc           #####...     1%          3    ##.....
 Summon Small Mammal      Summ           ####         3%          1    None
 Confusing Touch          Hex            ###...       4%          1    None
 Corona                   Hex            ###....      4%          1    None
 Shock                    Conj/Air       ###.         4%          1    None
 Call Imp                 Summ           ####....     4%          2    #......
 Recall                   Summ/Tloc      N/A          4%          3    ##.....
 Call Canine Familiar     Summ           ####....     10%         3    ##.....
 Summon Guardian Golem    Hex/Summ       ###.....     12%         3    ##.....
 Confuse                  Hex            ###.....     14%         3    ##.....
 Static Discharge         Conj/Air       ###.....     14%         3    ##.....
 Tukima's Dance           Hex            ###.....     14%         3    ##.....
 Ensorcelled Hibernation  Hex/Ice        ##....       21%         2    #......
 Animate Skeleton         Necr           N/A          36%         1    None
 Dazzling Spray           Conj/Hex       ##....       36%         3    ##.....
 Cause Fear               Hex            ###.......   43%         4    ####...
 Silence                  Hex/Air        ####......   43%         5    ######.
 Passwall                 Tmut/Erth      #.......     50%         2    #......
 Sublimation of Blood     Necr           #.........   50%         2    #......
 Summon Ice Beast         Ice/Summ       ###.....     71%         4    ####...
 Summon Mana Viper        Hex/Summ       ###.....     71%         5    ######.
 Ignite Poison            Fire/Tmut/Pois #.......     73%         3    ##.....
 Fulminant Prism          Conj/Hex       ##........   78%         4    ####...
 Leda's Liquefaction      Hex/Erth       ##........   78%         4    ####...
 Lightning Bolt           Conj/Air       ###.......   78%         5    ######.
 Deflect Missiles         Chrm/Air       ####......   97%         6    #######
 Animate Dead             Necr           N/A          98%         4    ####...
 Ice Form                 Ice/Tmut       #.......     98%         4    ####...
 Petrify                  Tmut/Erth      #.......     98%         4    ####...
 Metabolic Englaciation   Hex/Ice        ##........   98%         5    ######.
 Yara's Violent Unravell  Hex/Tmut       ##........   98%         5    ######.
 Alistair's Intoxication  Tmut/Pois      #.......     100%        5    ######.
 Bolt of Magma            Conj/Fire/Erth #.........   100%        5    ######.
 Borgnjor's Vile Clutch   Necr/Erth      #.........   100%        5    ######.
 Irradiate                Conj/Tmut      #.........   100%        5    ######.
 Lee's Rapid Deconstruct  Erth           #.........   100%        5    ######.
 Bolt of Cold             Conj/Ice       #.........   100%        6    #######
 Darkness                 Hex            ###.......   100%        6    #######
 Death Channel            Necr           #.........   100%        6    #######
 Freezing Cloud           Conj/Ice/Air   ###.......   100%        6    #######
 Invisibility             Hex            ###.....     100%        6    #######
 Iron Shot                Conj/Erth      #.........   100%        6    #######
 Ozocubu's Refrigeration  Ice            #.........   100%        6    #######
 Simulacrum               Ice/Necr       #.........   100%        6    #######
 Statue Form              Tmut/Erth      #........    100%        6    #######
 Dragon Form              Tmut           #.........   100%        7    #######
 Discord                  Hex            ###.......   100%        8    #######
 Ignition                 Fire           #.........   100%        8    #######
 Shatter                  Erth           #.........   100%        9    #######
 Tornado                  Air            #####.....   100%        9    #######


Dungeon Overview and Level Annotations

Branches:
Dungeon (15/15)            Temple (1/1) D:5            Lair (6/6) D:10
 Shoals (4/4) Lair:4        Snake (4/4) Lair:2        Slime (5/5) Lair:6
    Orc (2/2) D:10            Elf (3/3) Orc:2        Vaults (5/5) D:13
  Crypt (0/3) Vaults:3     Depths (0/5) D:15

Altars:
Ashenzari
Cheibriados
Dithmenos
Elyvilon
Fedhas
Gozag
Hepliaklqana
Kikubaaqudgha
Makhleb
Nemelex Xobeh
Okawaru
Qazlal
Ru
Sif Muna
Trog
Uskayaw
Vehumet
Wu Jian
Xom
Yredelemnul
Zin
The Shining One
Beogh
Jiyva

Shops:
D:9 *   D:14 (   Orc:2 =(*[   Elf:2 :   Elf:3 }   Shoals:3 !   Snake:4 =}}

Annotations:
D:4 2 transporters, Xerberus86's ghost, novice HuFi
D:6 exclusion: downstairs
D:7 exclusion: downstairs
D:12 exclusion: downstairs
Lair:2 exclusion: downstairs
Slime:5 Royal Jelly
Vaults:5 Mennas


Innate Abilities, Weirdness & Mutations

You are small and have problems with some larger weapons.
You are somewhat resistant to further mutation.
Scrolls take you a little longer to read.


Message History

Zin protects you from harm!
The tengu reaver pecks you but does no damage.
The tengu reaver claws you but does no damage.
The yaktaur hits the sun demon!
The vault warden hits you but does no damage.
The yaktaur hits the sun demon but does no damage.
The yaktaur hits itself!
The yaktaur is killed!
The tengu reaver hits you with a +1 long sword.
* * * LOW HITPOINT WARNING * * *
The tengu reaver completely misses you. The tengu reaver barely misses you.
The rust devil screeches!
The shadow demon gestures.
The vault warden is lost in a daze.
The yaktaur is lost in a daze.
The tengu reaver hits you but does no damage.
The tengu reaver pecks you but does no damage.
The tengu reaver claws you but does no damage.
The vault warden hits you with a +0 battleaxe!!
You die...

............)....".#
.........†......#..#
########..#..#..#..#
#..#..#..#..#
#:.#=.#..#..#
#######(.#..#
#?.(..#..#
#=.(..#..#
####@.#..# #pQ#..#
#.....c1e#..#
#....*3c1#..#
#..####32#..# #.
#4c#..# #O4#..#
#OO#..# .2.#..#


You could see a Tzitzimitl, a vault warden (dazed), a tengu reaver, a yaktaur
captain, an Executioner, a two-headed ogre (wandering), an ogre mage, 2 sun
demons, a shadow demon, a deep elf demonologist, a faun shaped shifter, a
yaktaur (dazed), an ice devil, a rust devil, an ogre (wandering) and a
battlesphere.

Vanquished Creatures
  Boris (Vaults:3)
  Vashnia (Snake:4)
  A titan (Vaults:5)
  2 deep elf blademasters (Elf:3)
  16 acid blobs
  Kirke (Lair:6)
  A sphinx (Vaults:2)
  A sphinx (shapeshifter) (D:13)
  Roxanne (Snake:1)
  2 fire giants
  2 shadow dragons (Vaults:5)
  5 nagarajas
  8 azure jellies
  18 vault wardens
  4 frost giants
  3 orc warlords
  4 deep elf elementalists (Elf:3)
  4 deep elf sorcerers
  An emperor scorpion (D:15)
  11 ironheart preservers
  3 very ugly things (Vaults:3)
  Nessos (D:14)
  4 stone giants
  9 deep elf demonologists
  2 entropy weavers
  11 deep elf annihilators
  A minotaur (Gauntlet)
  A dire elephant (D:15)
  10 deep elf death magi
  2 ettins
  4 merfolk impalers
  5 death oozes
  3 merfolk javelineers
  3 deep elf high priests
  7 great orbs of eyes
  4 yaktaur captains
  12 ogre magi
  15 naga warriors
  2 ice dragons
  28 vault guards
  7 hydras
  5 centaur warriors
  A catoblepas (Lair:4)
  A death knight (Vaults:3)
  5 merfolk avatars
  2 merfolk aquamancers (Shoals:4)
  11 anacondas
  32 two-headed ogres
  21 dancing weapons
  3 death yaks
  A satyr (Shoals:3)
  2 deep troll shamans (Vaults:2)
  5 orc high priests
  2 tengu warriors
  Urug (Lair:3)
  16 naga sharpshooters
  5 shock serpents
  29 deep elf knights
  Nergalle (Lair:2)
  A fire crab (Lair:6)
  5 hell knights (Vaults:4)
  A salamander mystic (Snake:4)
  A wretched star (Abyss:3)
  A shadow wraith (Vaults:4)
  15 sea snakes
  2 wizards
  A glowing orange brain (Vaults:2)
  6 deep trolls (Vaults:2)
  14 deep elf archers
  A flayed ghost (Vaults:3)
  2 phantasmal warriors
  14 ironbrand convokers
  5 naga ritualists
  An orange crystal statue (Vaults:2)
  19 harpies
  55 deep elf magi
  15 manticores
  11 orc knights
  2 mana vipers
  3 wolf spiders
  3 fauns (Shoals:3)
  2 oklob plants (Lair:2)
  2 cyclopes
  6 shining eyes
  37 ugly things
  9 orc sorcerers
  10 salamanders
  2 merfolk sirens
  12 vault sentinels
  19 black mambas
  3 guardian serpents
  Psyche (D:9)
  20 naga magi
  A salamander (shapeshifter) (Vaults:3)
  4 water nymphs
  Joseph (D:10)
  An eye of devastation (Slime:5)
  3 gargoyles
  2 smoke demons (Abyss:3)
  12 spiny frogs
  7 molten gargoyles
  A spiny frog (shapeshifter) (Vaults:2)
  A rime drake (Lair:3)
  A komodo dragon (shapeshifter) (Vaults:5)
  2 freezing wraiths
  22 yaktaurs
  7 komodo dragons
  An efreet (Volcano)
  3 ancient zymes (Abyss:3)
  A tengu conjurer (Gauntlet)
  4 harpy zombies (Shoals:1)
  19 merfolk
  2 jumping spiders (Gauntlet)
  A merfolk (shapeshifter) (Vaults:5)
  A polar bear (Lair:3)
  7 trolls
  A wind drake (shapeshifter) (Vaults:4)
  3 raiju
  3 hornets
  8 snapping turtles
  13 blink frogs
  97 slime creatures
  4 wind drakes
  18 hippogriffs
  7 dream sheep
  A redback (Vaults:2)
  7 water elementals
  A spriggan (shapeshifter) (Elf:2)
  An air elemental (Elf:2)
  7 shadows
  A wraith (Vaults:3)
  A vampire (D:11)
  A wyvern (D:12)
  30 yaks
  5 fire elementals
  2 hogs (shapeshifter)
  5 basilisks
  A neqoxec (Abyss:3)
  A hog (Lair:6)
  2 hungry ghosts
  2 golden eyes (Slime:3)
  2 vampire mosquitoes (D:14)
  Menkaure (D:7)
  4 wargs
  11 water moccasins
  50 nagas
  2 acid dragons (Vaults:1)
  5 porcupines
  A floating eye (Slime:5)
  A hell hound (Lair:6)
  39 orc warriors
  2 ice beasts
  An ettin simulacrum (Vaults:3)
  28 ogres
  2 sky beasts (D:11)
  A black bear (shapeshifter) (Vaults:2)
  3 black bears
  7 eyes of draining
  6 wolves
  3 boggarts (Vaults:3)
  12 centaurs
  17 crocodiles
  4 big kobolds
  27 bullfrogs
  Blork the orc (D:6)
  A gnoll sergeant (Orc:1)
  A wyvern zombie (D:13)
  2 earth elementals (Elf:1)
  2 wyvern skeletons
  2 scorpions
  5 killer bees
  An orc simulacrum (Vaults:1)
  7 wights
  A human simulacrum (Vaults:3)
  A howler monkey (D:13)
  5 electric eels (Snake:2)
  9 crimson imps
  4 lava snakes
  5 starcursed masses (Abyss:3)
  4 quasits (D:10)
  4 centaur skeletons
  5 hounds
  14 orc priests
  7 jellies
  4 iguanas
  Natasha (D:2)
  30 orc wizards
  8 worker ants
  2 hell rats (Lair:6)
  A hound skeleton (D:11)
  A howler monkey skeleton (D:13)
  16 gnolls
  9 adders
  7 shadow imps
  An adder zombie (D:8)
  6 oozes
  2 worms
  6 dart slugs
  6 leopard geckos
  110 orcs
  A bat zombie (Shoals:1)
  6 giant cockroaches
  6 goblins
  9 hobgoblins
  20 jackals
  25 kobolds
  7 quokkas
  4 ball pythons
  10 bats
  2 frilled lizards
  A leopard gecko zombie (D:7)
  2 quokka skeletons
  A quokka zombie (D:9)
  13 rats
  2 crawling corpses (Elf:3)
  A plant (Lair:2)
1621 creatures vanquished.

Vanquished Creatures (collateral kills)
  Rupert (D:14)
  A deep elf blademaster (Elf:2)
  An acid blob (Slime:5)
  Donald (Elf:1)
  A nagaraja (Snake:4)
  Aizul (Snake:4)
  A vault warden (Vaults:1)
  An ironheart preserver (D:13)
  An ettin (Vaults:1)
  A merfolk javelineer (Shoals:4)
  A death ooze (Slime:5)
  A deep elf death mage (Vaults:3)
  A fire dragon (Lair:6)
  A merfolk impaler (Shoals:4)
  A vault guard (Vaults:1)
  The ghost of ciphuk the Grappler, a novice TrMo of Ru (D:11)
  8 naga warriors
  A merfolk avatar (Shoals:4)
  A centaur warrior (D:14)
  A death yak (Lair:4)
  A two-headed ogre (Vaults:1)
  8 deep elf knights
  3 naga sharpshooters (Snake:4)
  5 deep elf archers
  A harpy (Shoals:4)
  2 orc knights
  2 ironbrand convokers (Vaults:1)
  4 ugly things (Vaults:1)
  2 oklob plants (Lair:6)
  10 deep elf magi
  3 manticores (Shoals:4)
  An orc sorcerer (Orc:2)
  A slime creature (Vaults:1)
  2 cyclopes
  2 salamanders
  3 black mambas
  A vault sentinel (Vaults:1)
  3 spiny frogs
  A centaur skeleton (D:15)
  7 naga magi
  2 komodo dragons (Lair:6)
  2 yaktaurs (Vaults:1)
  A tengu conjurer (D:14)
  2 merfolk (Shoals:4)
  4 blink frogs (Lair:6)
  2 dream sheep
  A wraith (D:13)
  2 yaks
  2 basilisks
  11 nagas
  2 hell hounds (Lair:6)
  4 orc warriors
  An ogre (Vaults:1)
  3 wolves (Lair:5)
  A bullfrog (D:11)
  A jelly (D:14)
  An orc priest (Orc:2)
  5 hell rats (Lair:6)
  10 orcs
  A kobold (D:14)
  A plant (Elf:3)
148 creatures vanquished.

Vanquished Creatures (others)
  2 deep elf master archers (Elf:3)
  A tengu reaver (Vaults:5)
  A stone giant (Vaults:2)
  A merfolk javelineer (Shoals:4)
  A centaur warrior (Vaults:4)
  2 naga sharpshooters
  A deep elf knight (Vaults:2)
  An ironbrand convoker (Vaults:2)
  3 deep elf archers
  A faun (Shoals:3)
  2 cyclopes
  A vault sentinel (Vaults:2)
  5 yaktaurs
  A merfolk (Shoals:2)
  A human (Lair:6)
  2 orc warriors
  A centaur (Vaults:4)
  A crimson imp (D:14)
  An ufetubus (Abyss:3)
  3 orcs (Orc:1)
  10 demonic plants (Gauntlet)
  26 fungi
  A lurking horror (Abyss:3)
  A pillar of salt (Vaults:4)
  25 plants
95 creatures vanquished.

Grand Total: 1864 creatures vanquished

Notes
Turn   | Place    | Note
-------+----------+-------------------------------------------
     0 | D:1      | Clehvi the Halfling Warper began the quest for the Orb.
     0 | D:1      | Reached XP level 1. HP: 14/14 MP: 3/3
   126 | D:1      | Reached XP level 2. HP: 17/19 MP: 4/4
   595 | D:1      | Reached XP level 3. HP: 21/24 MP: 5/5
   599 | D:1      | Learned a level 2 spell: Blink
   602 | D:1      | Learned a level 2 spell: Shroud of Golubria
  1498 | D:2      | Found a blossoming altar of Fedhas.
  1498 | D:2      | Found an ancient bone altar of Kikubaaqudgha.
  1616 | D:2      | Reached XP level 4. HP: 30/30 MP: 6/6
  1881 | D:2      | Reached skill level 1 in Slings
  2274 | D:2      | Reached skill level 1 in Charms
  2375 | D:2      | Noticed Natasha
  2379 | D:2      | Killed Natasha
  2379 | D:2      | Reached XP level 5. HP: 35/35 MP: 7/7
  3535 | D:3      | Reached XP level 6. HP: 32/41 MP: 6/8
  3665 | D:3      | Learned a level 4 spell: Passage of Golubria
  3728 | D:3      | Found a snail-covered altar of Cheibriados.
  5408 | D:4      | Reached XP level 7. HP: 34/46 MP: 9/9
  5496 | D:4      | Found a transporter.
  5588 | D:4      | Noticed Xerberus86's ghost (novice HuFi)
  5628 | D:4      | Found a transporter.
  5745 | D:4      | Found a glowing silver altar of Zin.
  5926 | D:5      | Entered Level 5 of the Dungeon
  6407 | D:5      | Reached skill level 5 in Slings
  6800 | D:5      | Found a staircase to the Ecumenical Temple.
  6805 | Temple   | Entered the Ecumenical Temple
  7042 | D:4      | Became a worshipper of Zin the Law-Giver
  7042 | D:4      | Reached * piety under Zin
  7342 | D:5      | Found a burning altar of Makhleb.
  8276 | D:6      | Reached ** piety under Zin
  8406 | D:6      | Noticed a water moccasin
  8409 | D:6      | Killed a water moccasin
  8409 | D:6      | Reached XP level 8. HP: 54/54 MP: 10/10
  8525 | D:6      | Noticed Blork the orc
  8587 | D:6      | Killed Blork the orc
  8802 | D:6      | Reached *** piety under Zin
  9370 | D:7      | Noticed Menkaure
  9603 | D:6      | Reached skill level 5 in Dodging
 10033 | D:7      | You fall through a shaft for 3 floors!
 10033 | D:10     | Entered Level 10 of the Dungeon
 10034 | D:10     | Noticed a hippogriff
 10538 | D:7      | Reached skill level 1 in Invocations
 10652 | D:7      | Got an iridescent quarterstaff
 10956 | D:8      | Reached XP level 9. HP: 59/59 MP: 11/11
 10979 | D:8      | Found a basalt altar of Yredelemnul.
 10979 | D:8      | Noticed a purple ugly thing
 11496 | D:7      | Killed Menkaure
 11721 | D:8      | Reached skill level 5 in Fighting
 11832 | D:8      | Reached skill level 10 in Slings
 12346 | D:10     | Found a staircase to the Lair.
 12363 | Lair:1   | Entered Level 1 of the Lair of Beasts
 12751 | D:10     | Noticed a hornet
 12759 | D:10     | Killed a hornet
 12759 | D:10     | Reached skill level 5 in Invocations
 12798 | D:10     | Reached XP level 10. HP: 53/66 MP: 12/14
 12907 | D:9      | Found Rutyum's General Store.
 13046 | D:9      | Bought a scroll of teleportation for 42 gold pieces
 13046 | D:9      | Bought a +0 hunting sling of freezing for 65 gold pieces
 13046 | D:9      | Bought a potion of degeneration for 14 gold pieces
 13334 | D:9      | Reached **** piety under Zin
 13366 | D:9      | Noticed Psyche
 13885 | D:9      | Found a roughly hewn altar of Beogh.
 13975 | D:9      | Killed Psyche
 14267 | D:8      | Killed a purple ugly thing
 14267 | D:8      | Reached skill level 5 in Translocations
 14714 | D:9      | Reached skill level 1 in Shields
 14774 | D:9      | Found a burning altar of Makhleb.
 14775 | D:9      | Found an opulent altar of Gozag.
 14886 | Lair:1   | Noticed a spiny frog
 15051 | D:10     | Killed a spiny frog
 15051 | D:10     | Reached skill level 2 in Shields
 15051 | D:10     | Reached XP level 11. HP: 51/72 MP: 13/17
 15431 | D:10     | Reached skill level 3 in Shields
 15565 | D:10     | Noticed Joseph
 15582 | D:10     | Killed Joseph
 15747 | D:10     | Found a staircase to the Orcish Mines.
 15902 | D:10     | Reached ***** piety under Zin
 16077 | Orc:1    | Entered Level 1 of the Orcish Mines
 16323 | Orc:1    | Reached skill level 4 in Shields
 16442 | Orc:1    | Noticed an orc warlord
 16576 | D:10     | Killed an orc warlord
 16692 | Orc:1    | Noticed an orc knight
 16731 | D:10     | Killed an orc knight
 17443 | Orc:1    | Noticed a two-headed ogre
 17461 | Orc:1    | Killed a two-headed ogre
 17583 | Orc:2    | Entered Level 2 of the Orcish Mines
 17583 | Orc:2    | Noticed an orc high priest
 17583 | Orc:2    | Noticed an orc sorcerer
 17682 | D:10     | Reached XP level 12. HP: 79/79 MP: 19/19
 17733 | D:10     | Reached skill level 5 in Shields
 17899 | D:11     | Noticed an eight-headed hydra
 18164 | D:11     | Killed an eight-headed hydra
 18621 | D:12     | Found a runed translucent door.
 18673 | D:12     | Reached skill level 10 in Invocations
 19235 | D:11     | Noticed a five-headed hydra
 19247 | D:11     | Killed a five-headed hydra
 19268 | D:11     | Found a runed translucent gate.
 19297 | D:11     | Reached skill level 6 in Shields
 19401 | D:11     | Found a runed translucent gate.
 19402 | D:11     | Found a runed translucent gate.
 19410 | D:11     | Found an opulent altar of Gozag.
 19410 | D:11     | Noticed a six-headed hydra
 19669 | D:11     | Noticed ciphuk's ghost (novice TrMo)
 19793 | D:11     | Reached skill level 5 in Armour
 20132 | D:12     | Found a runed translucent door.
 20133 | D:12     | Noticed a merfolk avatar
 20133 | D:12     | Noticed a merfolk impaler
 20592 | D:13     | Noticed a fire crab
 20637 | D:12     | Noticed a two-headed ogre
 20682 | D:12     | Killed a two-headed ogre
 20814 | D:12     | Noticed a two-headed ogre
 20867 | D:12     | Killed a two-headed ogre
 21031 | D:12     | Reached XP level 13. HP: 85/88 MP: 20/20
 21559 | D:12     | Found a deep blue altar of Sif Muna.
 21588 | D:12     | Found a runed translucent door.
 23087 | Orc:2    | Found Bizugipuu's Jewellery Shop.
 23108 | Orc:2    | Bought an uncursed ring of poison resistance for 240 gold
                  | pieces
 23190 | Orc:2    | Noticed an orc warlord
 23817 | Lair:1   | Learned a level 4 spell: Summon Lightning Spire
 23996 | Lair:1   | Found a sacrificial altar of Ru.
 24130 | Lair:1   | Reached skill level 1 in Air Magic
 24474 | Lair:1   | Reached skill level 1 in Summonings
 24662 | Lair:2   | You fall through a shaft!
 25129 | Lair:2   | Found a staircase to the Snake Pit.
 25187 | Lair:3   | Noticed an eight-headed hydra
 25207 | Lair:2   | Noticed Nergalle
 25227 | Lair:2   | Killed an eight-headed hydra
 25244 | Lair:2   | Killed Nergalle
 25303 | Lair:2   | Reached ****** piety under Zin
 27313 | Lair:4   | Noticed Urug
 27459 | Lair:3   | Noticed an eight-headed hydra
 27474 | Lair:3   | Killed an eight-headed hydra
 27565 | Lair:3   | Reached XP level 14. HP: 80/98 MP: 15/22
 27579 | Lair:3   | Killed Urug
 27579 | Lair:3   | Reached skill level 5 in Air Magic
 27717 | Lair:4   | Found a gate leading to a gauntlet.
 27726 | Lair:4   | Found a staircase to the Shoals.
 27729 | Gauntlet | Entered a Gauntlet
 27729 | Gauntlet | Found a transporter.
 27729 | Gauntlet | Found a transporter.
 27733 | Gauntlet | Found a transporter.
 27733 | Gauntlet | Found a transporter.
 27740 | Gauntlet | Found a transporter.
 27756 | Gauntlet | Found a transporter.
 27766 | Gauntlet | Found a transporter.
 27768 | Gauntlet | Found a transporter.
 27769 | Gauntlet | Noticed an entropy weaver
 27770 | Gauntlet | Found a transporter.
 27799 | Gauntlet | Found a transporter.
 27808 | Gauntlet | Found a transporter.
 27830 | Gauntlet | Found a transporter.
 27870 | Gauntlet | Found a transporter.
 27888 | Gauntlet | Found a transporter.
 27958 | Gauntlet | Found a transporter.
 27974 | Gauntlet | Found a transporter.
 28360 | Gauntlet | Got a scorched tin amulet
 28361 | Gauntlet | Identified the amulet of the Hidden Ships {Acrobat *Slow
                  | rElec Stlth+} (You found it in a Gauntlet)
 28366 | Gauntlet | Got a faintly glowing brass ring
 28368 | Gauntlet | Identified the ring of Fedhas's Outrage {rElec Int+3 Dex+2}
                  | (You found it in a Gauntlet)
 28414 | Gauntlet | Killed an entropy weaver
 28473 | Gauntlet | Got a smoking marble ring
 28475 | Gauntlet | Identified the ring "Bitul" {Wiz rC- MP+9 Int+6 SInv} (You
                  | found it in a Gauntlet)
 28671 | Gauntlet | Identified the ring of the Sparrow {+Inv rN+}
 28671 | Gauntlet | Noticed a minotaur
 28708 | Gauntlet | Killed a minotaur
 28708 | Gauntlet | Reached skill level 10 in Fighting
 28735 | Gauntlet | Found the +5 robe of Night {Dark MR+ SInv}
 28735 | Gauntlet | Found the +15 Maxwell's patent armour {-Cast -Tele rElec
                  | MR+ rCorr}
 29034 | Lair:4   | Reached skill level 5 in Summonings
 29074 | Lair:4   | Reached skill level 1 in Stealth
 30443 | Lair:5   | Found a dark tunnel.
 30449 | Volcano  | Entered a volcano
 31568 | Lair:6   | Entered Level 6 of the Lair of Beasts
 32580 | Lair:6   | Reached XP level 15. HP: 105/105 MP: 23/23
 32728 | Lair:6   | Found a large runed translucent door.
 32853 | Lair:6   | Found a large runed translucent door.
 33009 | Lair:6   | Reached skill level 5 in Stealth
 33084 | Lair:6   | Noticed Kirke
 33112 | Lair:6   | Killed Kirke
 33780 | Lair:6   | Found a staircase to the Slime Pits.
 34359 | Orc:1    | Reached skill level 7 in Shields
 34797 | Orc:1    | Killed an orc warlord
 34797 | Orc:1    | Reached skill level 10 in Dodging
 35034 | Orc:2    | Found Esishrapn's General Store.
 35042 | Orc:2    | Bought a scroll of torment for 120 gold pieces
 35042 | Orc:2    | Bought a scroll of identify for 32 gold pieces
 35159 | Orc:2    | Found Zagga's Antique Armour Boutique.
 35237 | Orc:2    | Found Vipn's Antique Weapon Boutique.
 35246 | Orc:2    | Bought an iridescent dagger for 189 gold pieces
 35246 | Orc:2    | Identified the cursed +3 dagger of Joekelu {pierce, *Contam
                  | rN+ Dex+3} (You bought it in a shop on level 2 of the
                  | Orcish Mines)
 35322 | Orc:2    | Gained mutation: Scrolls take you a little longer to read.
                  | [mutagenic glow]
 35690 | Orc:2    | Found a staircase to the Elven Halls.
 35726 | Orc:1    | Noticed an orc warlord
 36152 | Orc:1    | You fall through a shaft!
 36269 | Orc:1    | Killed an orc warlord
 36721 | D:11     | Killed ciphuk's ghost
 36866 | D:13     | Found a gate to the Vaults.
 36866 | D:13     | Noticed an ironheart preserver
 36916 | D:13     | Killed an ironheart preserver
 37515 | D:13     | Noticed an acid blob
 37519 | D:13     | Noticed a juggernaut
 37519 | D:13     | an acid blob changed into a juggernaut
 37672 | D:13     | Noticed a sphinx
 37692 | D:13     | Killed a sphinx
 38187 | D:13     | Learned a level 2 spell: Swiftness
 38381 | D:14     | Noticed Nessos
 38694 | D:14     | Killed Nessos
 38694 | D:14     | Reached XP level 16. HP: 104/112 MP: 24/24
 38821 | D:14     | Got a pair of slimy gloves
 38832 | D:14     | Identified the +1 pair of gloves of the Forgotten Coins
                  | {rPois rF+ Str+3 Int+4 SInv} (You found it on level 14 of
                  | the Dungeon)
 39311 | D:14     | Found Worailock's Antique Weapon Emporium.
 39595 | D:15     | Entered Level 15 of the Dungeon
 39595 | D:15     | Noticed Rupert
 39638 | D:14     | Killed Rupert
 41170 | D:15     | Found a staircase to the Depths.
 41986 | Elf:1    | Entered Level 1 of the Elven Halls
 42594 | Elf:2    | Reached skill level 10 in Translocations
 43469 | Elf:1    | Noticed Donald
 43526 | Elf:1    | Killed Donald
 43526 | Elf:1    | Reached skill level 10 in Air Magic
 43834 | Elf:1    | Noticed an Executioner
 45090 | Elf:1    | Reached skill level 8 in Shields
 45184 | Elf:1    | Reached XP level 17. HP: 109/119 MP: 25/25
 45819 | Elf:1    | Learned a level 4 spell: Airstrike
 46337 | Elf:2    | Reached skill level 9 in Shields
 46569 | Elf:2    | Found Vycwio Xusy's One-of-a-Kind Books.
 46688 | Elf:2    | Found a huge runed translucent gate.
 46688 | Elf:2    | Found a huge runed translucent gate.
 46693 | Elf:2    | Found a huge runed translucent gate.
 46774 | Elf:3    | Entered Level 3 of the Elven Halls
 47019 | Elf:2    | Reached skill level 5 in Short Blades
 47407 | Elf:2    | Found a huge runed translucent gate.
 47408 | Elf:2    | Found a huge runed translucent gate.
 47801 | Elf:3    | Reached skill level 10 in Shields
 47841 | Elf:3    | Found Suzuriqe's Gadget Shop.
 47866 | Elf:3    | Identified a scroll of acquirement
 47866 | Elf:3    | Got a brightly glowing quick blade
 47867 | Elf:3    | Identified the +5 quick blade "Miut" {freeze, rPois MR+
                  | Dex-4 SInv} (You acquired it on level 3 of the Elven Halls)
 47956 | Elf:3    | Cast into level 3 of the Abyss (a deep elf sorcerer)
 47956 | Abyss:3  | Found a transporter.
 47957 | Abyss:3  | Found a corrupted altar of Lugonu.
 47957 | Abyss:3  | Noticed a tentacled starspawn
 47958 | Abyss:3  | Noticed a tentacled starspawn
 47961 | Abyss:3  | Noticed a tentacled starspawn
 47961 | Abyss:3  | Noticed a tentacled starspawn
 47962 | Abyss:3  | Found a corrupted altar of Lugonu.
 47964 | Abyss:3  | Found a corrupted altar of Lugonu.
 48002 | Elf:3    | Escaped the Abyss
 48010 | Elf:3    | Noticed a deep elf blademaster
 48010 | Elf:3    | Noticed a deep elf master archer
 48011 | Elf:3    | Noticed a deep elf blademaster
 48011 | Elf:3    | HP: 6/120 [deep elf blademaster/+0 rapier (3)]
 48016 | Elf:3    | HP: 6/120 [poisoned by a deep elf annihilator (poison
                  | arrow)]
 49148 | Elf:2    | Noticed a deep elf blademaster
 49189 | Elf:2    | Killed a deep elf blademaster
 49315 | Elf:2    | Reached skill level 11 in Shields
 50779 | Snake:1  | Entered Level 1 of the Snake Pit
 50886 | Snake:1  | Reached XP level 18. HP: 120/127 MP: 26/26
 51152 | Snake:1  | Reached skill level 12 in Shields
 51344 | Snake:1  | Noticed Roxanne
 51803 | Snake:1  | Killed Roxanne
 53109 | Snake:1  | Reached skill level 13 in Shields
 55905 | Snake:4  | Entered Level 4 of the Snake Pit
 55971 | Snake:4  | Reached skill level 14 in Shields
 57129 | Snake:4  | Reached skill level 1 in Maces & Flails
 57292 | Snake:4  | Got a slimy scimitar
 57295 | Snake:4  | Identified the +0 scimitar of Wealth {freeze, rC++ Str+3}
                  | (You found it on level 4 of the Snake Pit)
 57561 | Snake:4  | Reached XP level 19. HP: 134/134 MP: 28/28
 57846 | Snake:4  | Noticed Aizul
 58505 | Snake:4  | Reached skill level 15 in Shields
 58702 | Snake:4  | Killed Aizul
 59388 | Snake:4  | Noticed Vashnia
 59883 | Snake:4  | Killed Vashnia
 59967 | Snake:4  | Got a serpentine rune of Zot
 60227 | Snake:4  | Found Xeru Vuwki's Jewellery Emporium.
 60227 | Snake:4  | Found Diumum's Gadget Boutique.
 60228 | Snake:4  | Found Vuuhejob's Gadget Boutique.
 60787 | Orc:2    | Bought a ration for 80 gold pieces
 60787 | Orc:2    | Bought a ration for 80 gold pieces
 60912 | D:9      | Bought a ration for 70 gold pieces
 60912 | D:9      | Bought a potion of magic for 112 gold pieces
 61015 | Vaults:1 | Entered Level 1 of the Vaults
 61640 | Vaults:1 | Reached skill level 10 in Armour
 62715 | Vaults:1 | Reached skill level 5 in Maces & Flails
 62715 | Vaults:1 | Reached XP level 20. HP: 137/140 MP: 30/30
 63202 | Vaults:1 | Reached skill level 16 in Shields
 66012 | Vaults:2 | You fall through a shaft for 2 floors!
 66046 | Vaults:3 | Learned a level 1 spell: Summon Butterflies
 66163 | Vaults:3 | Reached skill level 5 in Spellcasting
 66763 | Vaults:2 | Identified the ring of Twilight {rElec rPois Dex+2}
 66778 | Vaults:2 | Reached XP level 21. HP: 135/148 MP: 31/31
 66917 | Vaults:3 | Noticed Boris
 67246 | Vaults:2 | Found a shimmering altar of Xom.
 67338 | Vaults:2 | Got an ancient hunting sling
 67346 | Vaults:2 | Identified the +12 hunting sling "Ihiufo" {venom, rF- rN++
                  | Str+2 Int+2} (You found it on level 2 of the Vaults)
 67415 | Vaults:2 | Got a polished chain mail
 67899 | Shoals:1 | Entered Level 1 of the Shoals
 68752 | Shoals:2 | Reached skill level 10 in Maces & Flails
 69572 | Shoals:3 | Reached skill level 17 in Shields
 69948 | Shoals:3 | Found Ycaog Fex's Distillery.
 69964 | Shoals:3 | Bought a potion of invisibility for 136 gold pieces
 69964 | Shoals:3 | Bought a potion of haste for 170 gold pieces
 69964 | Shoals:3 | Bought a potion of invisibility for 136 gold pieces
 70368 | Shoals:4 | Entered Level 4 of the Shoals
 70694 | Shoals:4 | Identified the cursed +0 ring mail of Dice, Bag, and Bottle
                  | {rF+++ Dex-4} (You found it on level 4 of the Shoals)
 71265 | Shoals:4 | Got a barnacled rune of Zot
 72443 | Slime:1  | Entered Level 1 of the Pits of Slime
 73763 | Slime:2  | Reached XP level 22. HP: 154/154 MP: 32/32
 76047 | Slime:2  | Reached skill level 18 in Shields
 76506 | Slime:5  | Entered Level 5 of the Pits of Slime
 76865 | Slime:5  | Noticed the Royal Jelly
 76946 | Slime:5  | Found a viscous altar of Jiyva.
 77004 | Slime:5  | Was placed under penance by Zin
 77036 | Slime:5  | Paralysed by a floating eye for 4 turns
 79444 | Elf:3    | Identified the +3 plate armour "Zuewishrim" {+Blink rPois
                  | MR- Str+10}
 79848 | Elf:3    | Was forgiven by Zin
 80303 | Elf:3    | Cast into level 3 of the Abyss (a deep elf sorcerer)
 80380 | Abyss:3  | Reached XP level 23. HP: 124/159 MP: 33/33
 80765 | Abyss:3  | Found a corrupted altar of Lugonu.
 80818 | Abyss:4  | Found a burning altar of Makhleb.
 80871 | Elf:3    | Escaped the Abyss
 81134 | Elf:3    | Identified the +5 short sword of Prudence {freeze, rPois
                  | rC- SInv Stlth+}
 81429 | Elf:3    | Reached skill level 19 in Shields
 81462 | Elf:3    | Identified Teaqi's Reference Book on Shifting Bewitchment
 82144 | Vaults:3 | Reached skill level 1 in Hexes
 82171 | Vaults:3 | Killed Boris
 82391 | Vaults:3 | Found a staircase to the Crypt.
 82391 | Vaults:3 | Found a basalt altar of Yredelemnul.
 82392 | Vaults:3 | Found an ancient bone altar of Kikubaaqudgha.
 84194 | Vaults:4 | Reached skill level 5 in Hexes
 84582 | Vaults:4 | Reached XP level 24. HP: 146/166 MP: 30/33
 85415 | Vaults:4 | Reached skill level 20 in Shields
 86076 | Vaults:4 | Reached skill level 15 in Maces & Flails
 86776 | Vaults:5 | Entered Level 5 of the Vaults
 86778 | Vaults:5 | Noticed Mennas
 87158 | Vaults:5 | HP: 2/166 [vault warden/+0 battleaxe (8)]
 87158 | Vaults:5 | Zin protects you from harm!
 87161 | Vaults:5 | Demolished by a vault warden

Skill      XL: |  1  2  3  4  5  6  7  8  9 10 11 12 13 14 15 16 17 18 19 20 21 22 23 24 |
---------------+-------------------------------------------------------------------------+-----
Fighting       | 2 3 4 5 6 8 9 10 11 12 13 14 | 14.0
Slings         | 2 3 4 6 8 11 12 | 12.0
Charms         | 1 2 3 4 |  4.0
Dodging        | 3 4 5 6 7 8 9 10 11 12 13 14 | 14.0
Translocations | 4 5 8 9 10 | 10.0
Invocations    | 1 5 9 10 11 12 13 | 13.6
Spellcasting   | 2 3 5 |  5.0
Shields        | 2 4 6 7 8 11 14 15 16 17 18 19 20 | 20.5
Armour         | 3 5 6 8 9 10 11 12 | 12.2
Air Magic      | 4 8 9 10 | 10.0
Summonings     | 3 5 6 |  6.0
Stealth        | 4 7 8 |  8.4
Short Blades   | 7 |  7.4
Maces & Flails | 2 5 8 11 14 15 | 15.1
Hexes          | 5 |  5.0
Throwing       | |  1.2

Action                   |  1- 3 |  4- 6 |  7- 9 | 10-12 | 13-15 | 16-18 | 19-21 | 22-24 || total
-------------------------+-------+-------+-------+-------+-------+-------+-------+-------++-------
Melee: Short sword       |   121 |       |       |       |       |       |       |       ||   121
       Whip              |       |    35 |       |       |       |       |       |       ||    35
       Dagger            |       |    12 |   109 |    14 |    41 |    21 |       |       ||   197
       Long sword        |       |       |       |       |       |    21 |       |       ||    21
       Rapier            |       |       |       |       |       |   109 |       |       ||   109
       Eveningstar       |       |       |       |       |       |       |   462 |   398 ||   860
       Quick blade       |       |       |       |       |       |       |     1 |    84 ||    85
       Scimitar          |       |       |       |       |       |       |       |    17 ||    17
 Fire: Hunting sling     |    21 |   200 |   341 |   929 |  1786 |  2045 |  2042 |  1763 ||  9127
       Blowgun           |       |       |     3 |   139 |    91 |     5 |       |       ||   238
Throw: Stone             |    31 |       |       |       |       |       |    23 |     2 ||    56
       Tomahawk          |       |       |       |       |       |     2 |    11 |       ||    13
 Cast: Shroud of Golubri |       |     6 |     4 |    27 |    54 |    12 |     1 |       ||   104
       Blink             |       |       |    16 |    34 |    70 |    38 |     5 |    23 ||   186
       Summon Lightning  |       |       |       |       |    93 |   113 |    70 |     9 ||   285
       Passage of Golubr |       |       |       |       |    17 |    38 |    31 |     7 ||    93
       Airstrike         |       |       |       |       |       |    68 |     4 |     2 ||    74
       Summon Butterflie |       |       |       |       |       |       |       |     7 ||     7
Invok: Recite            |       |       |    18 |    46 |    48 |    57 |    41 |    29 ||   239
       Vitalisation      |       |       |       |       |     1 |     1 |       |       ||     2
       Imprison          |       |       |       |       |       |       |     1 |       ||     1
       Sanctuary         |       |       |       |       |       |       |     1 |       ||     1
 Abil: Evoke Invisibilit |       |       |       |       |       |     6 |       |       ||     6
Evoke: Wand              |       |       |     2 |       |     7 |     1 |     4 |     1 ||    15
       Phial of floods   |       |       |       |       |     1 |       |     1 |       ||     2
  Use: Scroll            |       |     6 |       |       |    23 |    13 |    12 |    11 ||    65
       Potion            |       |       |       |       |     3 |     6 |     4 |     8 ||    21
 Stab: Confused          |       |       |       |     1 |       |       |    10 |     5 ||    16
       Invisible         |       |       |       |       |     5 |     1 |     1 |       ||     7
       Sleeping          |       |       |       |       |     3 |     3 |     1 |     1 ||     8
       Paralysed         |       |       |       |       |     2 |       |       |     5 ||     7
       Distracted        |       |       |       |       |       |     3 |     6 |     1 ||    10
  Eat: Chunk             |     2 |    12 |     8 |     9 |    28 |    10 |    14 |       ||    83
       Ration            |       |       |     5 |     6 |    16 |    27 |    16 |    12 ||    82
Armor: Leather armour    |    24 |    27 |    52 |    32 |    33 |       |       |       ||   168
       Troll leather arm |       |       |       |    23 |       |       |       |       ||    23
       Robe              |       |       |       |       |    34 |       |       |       ||    34
       Ring mail         |       |       |       |       |    30 |    17 |       |       ||    47
       Pearl dragon scal |       |       |       |       |       |   227 |   297 |   140 ||   664
       Acid dragon scale |       |       |       |       |       |       |     2 |    78 ||    80
Dodge: Dodged            |    90 |   125 |   186 |   306 |   497 |   447 |   621 |   496 ||  2768
Block: Buckler           |       |       |       |    90 |   177 |   128 |       |       ||   395
       Shield            |       |       |       |       |       |   141 |   811 |   576 ||  1528
       Reflection        |       |       |       |       |       |    24 |   130 |    74 ||   228
       Rpst.: Long sword |       |       |       |       |       |     2 |       |       ||     2
